 Dungeon Crawl Stone Soup version 0.29-a0-319-gad05b8d819 (webtiles) character file.

Game seed: 15549293849600938110

53 bande the Covered (level 3, -12/24 HPs)
             Began as a Gargoyle Fighter on Apr 2, 2022.
             Blown up by a hobgoblin (19 damage)
             ... with a mindburst bolt
             ... on level 3 of the Dungeon.
             The game lasted 00:03:41 (2202 turns).

bande the Covered (Gargoyle Fighter)                Turns: 2202, Time: 00:03:42

Health: -12/24     AC: 13    Str: 19    XL:     3   Next: 89%
Magic:  3/3        EV:  7    Int:  8    God:
Gold:   136        SH:  9    Dex: 17    Spells: 2/2 levels left

rFire   . . .      SeeInvis .   a - +0 war axe
rCold   . . .      Faith    .   k - +0 kite shield
rNeg    + . .      Spirit   .   b - +0 scale mail
rPois   ∞          Reflect  .   (no helmet)
rElec   +          Harm     .   f - +0 cloak {rPois}
rCorr   .          Rampage  .   l - +1 pair of gloves
Will    .....                   (no boots)
Stlth   ..........              (no amulet)
HPRegen 0.08/turn               c - +6 ring of dexterity
MPRegen 0.08/turn               (no ring)

@: no status effects
A: sickness immunity, AC +3, negative energy resistance 1, electricity
resistance, torment resistance 1, petrification resistance
a: no special abilities


You were on level 3 of the Dungeon.
You visited 1 branch of the dungeon, and saw 3 of its levels.

You collected 136 gold pieces.

Inventory:

Hand Weapons
 a - a +0 war axe (weapon)
Armour
 b - a +0 scale mail (worn)
 f - a +0 cloak of poison resistance (worn)
 k - a +0 kite shield (worn)
 l - a +1 pair of gloves (worn)
Jewellery
 c - a +6 ring of dexterity (left hand)
Scrolls
 h - a scroll of blinking
 i - a scroll of teleportation
Potions
 d - 2 potions of might
 e - a potion of curing {unknown}
 g - a potion of lignification {unknown}
 j - 2 potions of heal wounds {unknown}


   Skills:
 + Level 3.6 Fighting
 + Level 2.5 Axes
 + Level 4.0 Armour
 - Level 0.1 Dodging
 + Level 3.5 Shields


You had 2 spell levels left.
You didn't know any spells.
Your spell library contained the following spells:

 Spells                   Type           Power      Damage    Failure   Level
 Petrify                  Tmut/Erth      0%         N/A       100%        4
 Irradiate                Conj/Tmut      0%         3d13      100%        5
 Sublimation of Blood     Necr           Unusable   N/A       N/A         2

Dungeon Overview and Level Annotations

Branches:
Dungeon (3/15)

Altars:


Innate Abilities, Weirdness & Mutations

You are immune to sickness and miasma.
Your stone body is resilient. (AC +3)
You are immune to poison.
You resist negative energy. (rN+)
You are resistant to electric shocks. (rElec)
You are resistant to unholy torment.
You are immune to petrification.


Message History

You open the door.
There is a stone staircase leading down here.
There is an open door here.
A hobgoblin comes into view.
It is wielding a +0 short sword and carrying a wand of mindburst (13).
The hobgoblin zaps a wand.
You barely resist.
A hobgoblin is nearby!
A jackal comes into view.
The jackal barks!
A jackal comes into view.
The hobgoblin zaps a wand.
Your mind is blasted!
Ouch! That really hurt!
* * * LOW HITPOINT WARNING * * *
You are too injured to fight recklessly!
You are too injured to fight recklessly!
You are too injured to fight recklessly!
You are too injured to fight recklessly!
You are too injured to fight recklessly!
You are too injured to fight recklessly!
You are too injured to fight recklessly!
You are too injured to fight recklessly!
You are too injured to fight recklessly!
You are too injured to fight recklessly!
Unknown command.
The jackal barks!
The jackal barely misses you. The jackal attacks as you move away!
The jackal bites you but does no damage.
The jackal bites you but does no damage.
There is an open door here.
The jackal attacks as you move away!
The jackal bites you but does no damage.
There is a stone staircase leading down here.
You barely miss the jackal. The jackal closely misses you.
The jackal bites you but does no damage.
You closely miss the jackal. You block the jackal's attack.
The jackal bites you but does no damage.
The hobgoblin zaps a wand.
Your mind is blasted!
Ouch! That really hurt!
You die...

#.... #...# ##...##
#.....# #.....#
#.....# #.....#
#..hg.# #############
##+#@####....#....#..
#..h>...'....'....#.#
#.......#....#....#.#
#.......##...#....#.#
#.......##...####.#.#
#.......##...# ##'#.#
#.......##...# #.....
#.......###### #.....
##.###### #....#


You could see 2 jackals and a hobgoblin.

Vanquished Creatures
  An adder (D:2)
  2 dart slugs (D:1)
  An endoplasm (D:1)
  3 giant cockroaches
  3 goblins
  5 hobgoblins
  4 jackals (D:2)
  2 quokkas
  6 ball pythons
  3 bats
  3 frilled lizards
  2 kobolds
  5 rats
40 creatures vanquished.

Notes
Turn   | Place    | Note
-------+----------+-------------------------------------------
     0 | D:1      | bande the Gargoyle Fighter began the quest for the Orb.
     0 | D:1      | Reached XP level 1. HP: 14/14 MP: 1/1
   129 | D:1      | Reached XP level 2. HP: 15/19 MP: 2/2
   335 | D:1      | Found a faded altar of an unknown god.
   836 | D:1      | Reached XP level 3. HP: 21/23 MP: 3/3
  1902 | D:2      | Reached skill level 4 in Armour
  2202 | D:3      | Blown up by a hobgoblin

Illustrated notes

Levels and vault maps discovered:
D:1:      ebering_hopf_link, layout_basic, chequers_ecumenical_altar_island,
          hangedman_decor_growths
D:2:      layout_loops_ring
D:3:      layout_basic, uniq_sigmund

Skill      XL: |  1  2  3 |
---------------+----------+-----
Axes           | 2 |  2.5
Armour         | 4 |  4.0
Fighting       | |  3.6
Dodging        | |  0.1
Shields        | |  3.5

Action                   || total
-------------------------++-------
Melee: War axe           ||   106
  Use: Scroll            ||     6
Armor: Scale mail        ||    67
Dodge: Dodged            ||    64
Block: Buckler           ||    17
       Kite shield       ||    11

Table legend: (Time is in decaauts)
 A = Elapsed time spent in this place.
 B = Non-inter-level travel time spent in this place.
 C = Inter-level travel time spent in this place.
 D = Time resting spent in this place.
 E = Time spent auto-exploring this place.
 F = Levels seen in this place.
 G = Mean time per level.
                   A        B        C        D        E       F      G
               +--------+--------+--------+--------+--------+-----+--------+
         Total |   2251 |   2238 |     13 |      0 |   1848 |   3 |  750.3 |
       Dungeon |   2251 |   2238 |     13 |      0 |   1848 |   3 |  750.3 |
               +--------+--------+--------+--------+--------+-----+--------+

Top non-repeatable levels by time:
     D:2: 1072 daAuts
     D:1: 1038 daAuts
     D:3: 140 daAuts
